 Dungeon Crawl Stone Soup version 0.31-a0-255-g9c3d1c461a (webtiles) character file.

Game seed: 1348585212944886933

177 qw the Shooter (level 5, -2/32 HPs)
             Began as a Gargoyle Hexslinger on July 12, 2023.
             Slain by a bullfrog (3 damage)
             ... in a sewer.
             The game lasted 00:01:11 (2048 turns).

qw the Shooter (Gargoyle Hexslinger)                Turns: 2048, Time: 00:01:11

Health: -2/32      AC:  7    Str: 11    XL:     5   Next: 57%
Magic:  6/6        EV: 16    Int: 14    God:
Gold:   162        SH:  0    Dex: 14    Spells: 5/6 levels left

rFire   . . .        Y - +1 sling
rCold   . . .        (no shield)
rNeg    + . .        f - +0 leather armour
rPois   inf          (no helmet)
rElec   +            (no cloak)
rCorr   .            (no gloves)
SInv    .            (no boots)
Will    .....        (no amulet)
Stlth   ++           g - +5 ring of evasion
HPRegen 0.25/turn    (no ring)
MPRegen 0.10/turn

%: no passive effects
@: unable to read
A: sickness immunity, AC +4, negative energy resistance 1, electricity
resistance, torment resistance 1, petrification resistance, talons 1, camouflage
1, inability to read after injury 1
a: no special abilities


You were in a sewer.
You visited 1 branch of the dungeon, and saw 3 of its levels.
You also visited: Sewer.

You collected 162 gold pieces.


Innate Abilities, Weirdness & Mutations

You are immune to sickness and miasma.
Your stone body is resilient. (AC +4)
You are immune to poison.
You resist negative energy. (rN+)
You are resistant to electric shocks. (rElec)
You are resistant to unholy torment.
You are immune to petrification.
You have sharp toenails.
Your skin changes colour to match your surroundings (Stealth+).
You occasionally lose the ability to read scrolls when taking damage.


   Skills:
 + Level 2.9 Fighting
 - Level 5.0 Ranged Weapons
 - Level 1.5 Dodging
 - Level 1.0 Spellcasting
 - Level 2.6 Hexes


You had 5 spell levels left.
You knew the following spells:

 Your Spells              Type           Power      Damage    Failure   Level
a - Slow                  Hex            32%        N/A       12%         1

Your spell library contained the following spells:

 Spells                   Type           Power      Damage    Failure   Level
 Inner Flame              Hex/Fire       4%         N/A       52%         3
 Portal Projectile        Hex/Tloc       8%         N/A       52%         3
 Cause Fear               Hex            4%         N/A       75%         4

Inventory:

Hand Weapons
 Y - a +1 sling (weapon)
Armour
 f - a +0 leather armour (worn)
 o - a +0 helmet
Jewellery
 g - a +5 ring of evasion (left hand)
Scrolls
 b - a scroll of silence {unknown}
 c - a scroll of teleportation
 l - 2 scrolls of identify
 m - a scroll of butterflies {unknown}
Potions
 a - a potion of attraction {unknown}
 d - a potion of invisibility {unknown}
 e - a potion of magic {unknown}
 h - a potion of curing {unknown}
 i - a potion of brilliance {unknown}
 j - 2 potions of heal wounds {unknown}
 k - a potion of enlightenment {unknown}
 n - a potion of might {unknown}

Dungeon Overview and Level Annotations

Branches:
Dungeon (3/15)              Sewer (1/1)

Altars:
Kikubaaqudgha


Message History

The adder bites you but does no damage. The bullfrog barely misses you.
The adder bites you but does no damage. The ball python closely misses you. x2
The adder misses you.
The bullfrog hits you but does no damage.
The adder closely misses you. The adder bites you but does no damage.
You shoot a sling bullet.
The sling bullet barely misses the bullfrog.
The sling bullet hits the frilled lizard.
You kill the frilled lizard!
The adder misses you. The ball python barely misses you.
The ball python completely misses you.
The bullfrog hits you but does no damage.
The adder barely misses you. The adder misses you.
The adder bites you but does no damage. The bullfrog hits you.
You shoot a sling bullet. The sling bullet hits the bullfrog.
The bullfrog is lightly wounded.
The adder misses you. The adder bites you.
The ball python bites you but does no damage.
The ball python grabs you. The ball python constricts you.
The bullfrog hits you. The bullfrog barely misses you. The adder bites you.
The adder closely misses you. The adder bites you but does no damage.
The ball python closely misses you. The ball python constricts you.
You shoot a sling bullet.
The sling bullet barely misses the ball python.
The bullfrog hits you.
You feel threatened and lose the ability to read scrolls!
The bullfrog closely misses you. The adder barely misses you.
The adder closely misses you. x2
The bullfrog hits you but does no damage. x2
The ball python barely misses you. The ball python constricts you.
The adder bites you but does no damage. x2
You shoot a sling bullet. The sling bullet hits the ball python.
You kill the ball python!
The bullfrog hits you. The bullfrog barely misses you. The adder bites you.
The adder closely misses you. The adder barely misses you.
The bullfrog hits you. x2; The adder misses you.
The adder completely misses you.
You shoot a sling bullet. The sling bullet hits the bullfrog.
The bullfrog is moderately wounded.
The bullfrog barely misses you. The bullfrog hits you.
You die...

#..'.%..# #..#...%#
####...##
###################....#
..~~~~~~~~~~~~~~~...%..#
.~~~~~~~~~~~~~~~~.....##
..~~~~~~~~~~~~~~~~....#
.~~~~~~FF~#~~~~~~~....#
.~~~~~SS@.~~~~~~~~...##
.#~~~~~SS~~~~~~~~..###
###################


You could see 2 bullfrogs, 3 adders and a ball python.

Vanquished Creatures
  5 adders
  4 river rats (Sewer)
  A dart slug (D:1)
  11 endoplasms
  2 giant cockroaches (D:1)
  5 goblins
  4 hobgoblins
  4 jackals (D:2)
  6 kobolds
  5 quokkas
  11 ball pythons
  8 bats
  8 frilled lizards
  25 rats
99 creatures vanquished.

Notes
Turn   | Place    | Note
-------+----------+-------------------------------------------
     0 | D:1      | qw the Gargoyle Hexslinger began the quest for the Orb.
     0 | D:1      | Reached XP level 1. HP: 12/12 MP: 2/2
     0 | D:1      | 0 ||| qw: Version: 0.3-a-52-g30416fa
     0 | D:1      | 0 ||| qw: Game counter: 6682
     0 | D:1      | 0 ||| qw: Melee chars always use a shield: true
     0 | D:1      | 0 ||| qw: God list: Okawaru
     0 | D:1      | 0 ||| qw: Allow faded altars: false
     0 | D:1      | 0 ||| qw: Do Orc after clearing Dungeon:15 true
     0 | D:1      | 0 ||| qw: Do second Lair branch before Depths: true
     0 | D:1      | 0 ||| qw: Lair rune preference: random
     0 | D:1      | 0 ||| qw: Goals: Normal
     0 | D:1      | 0 ||| PLANNING D:1-11
   220 | D:1      | Reached XP level 2. HP: 8/16 MP: 3/3
   315 | D:1      | Reached skill level 3 in Ranged Weapons
   581 | D:1      | Reached XP level 3. HP: 21/21 MP: 4/4
   725 | D:1      | 725 ||| UPGRADING to +0 leather armour.
   735 | D:1      | 735 ||| DROPPING +0 robe.
   736 | D:1      | 736 ||| READING scroll labelled AXUYBIODORPH.
   750 | D:1      | 750 ||| READING scroll labelled IMI UZUPOEHUMI.
   753 | D:1      | 753 ||| READING scroll labelled JAIBAE JOULIUDOORA.
   754 | D:1      | 754 ||| READING scroll labelled MIENKU WYIWY.
   755 | D:1      | 755 ||| DRINKING 3 sedimented purple potions.
   755 | D:1      | Gained mutation: You occasionally lose the ability to drink
                  | potions when taking damage. [potion of mutation]
   756 | D:1      | 756 ||| DRINKING 2 potions of mutation.
   756 | D:1      | Lost mutation: You occasionally lose the ability to drink
                  | potions when taking damage. [potion of mutation]
   756 | D:1      | Gained mutation: You occasionally lose the ability to read
                  | scrolls when taking damage. [potion of mutation]
   757 | D:1      | 757 ||| DRINKING potion of mutation.
   757 | D:1      | Lost mutation: You occasionally lose the ability to read
                  | scrolls when taking damage. [potion of mutation]
   757 | D:1      | Gained mutation: You have sharp toenails. [potion of
                  | mutation]
   757 | D:1      | Gained mutation: Your skin changes colour to match your
                  | surroundings (Stealth+). [potion of mutation]
   757 | D:1      | Gained mutation: You occasionally lose the ability to read
                  | scrolls when taking damage. [potion of mutation]
   758 | D:1      | 758 ||| DROPPING scroll of poison.
  1019 | D:2      | Reached XP level 4. HP: 26/26 MP: 5/5
  1027 | D:2      | Found an ancient bone altar of Kikubaaqudgha.
  1158 | D:2      | Reached skill level 4 in Ranged Weapons
  1454 | D:2      | 1454 ||| UPGRADING to +5 ring of evasion.
  1455 | D:2      | 1455 ||| READING scroll labelled SIOZITAO WAOD.
  1478 | D:3      | 1478 ||| PLANNING SEWER
  1480 | D:3      | 1480 ||| STAIRDANCE
  1612 | D:3      | Found a glowing drain.
  1613 | D:3      | 1613 ||| READING scroll labelled LENONA KUXO.
  1620 | D:3      | 1620 ||| Stepping ~*~*~tactically~*~*~ (water).
  1624 | Sewer    | Entered a sewer
  1637 | Sewer    | 1637 ||| Stepping ~*~*~tactically~*~*~ (water).
  1640 | Sewer    | 1640 ||| Stepping ~*~*~tactically~*~*~ (water).
  1642 | Sewer    | 1642 ||| Stepping ~*~*~tactically~*~*~ (water).
  1644 | Sewer    | 1644 ||| Stepping ~*~*~tactically~*~*~ (water).
  1646 | Sewer    | 1646 ||| Stepping ~*~*~tactically~*~*~ (water).
  1648 | Sewer    | 1648 ||| Stepping ~*~*~tactically~*~*~ (water).
  1650 | Sewer    | 1650 ||| Stepping ~*~*~tactically~*~*~ (water).
  1652 | Sewer    | 1652 ||| Stepping ~*~*~tactically~*~*~ (water).
  1670 | Sewer    | 1670 ||| Stepping ~*~*~tactically~*~*~ (water).
  1744 | Sewer    | Reached XP level 5. HP: 30/30 MP: 6/6
  1767 | Sewer    | HP: 4/30 [river rat (7)]
  1768 | Sewer    | 1768 ||| READING 2 scrolls of teleportation.
  1769 | Sewer    | HP: 1/30 [river rat (4)]
  1821 | Sewer    | 1821 ||| FLEEEEING.
  1822 | Sewer    | 1822 ||| FLEEEEING.
  1829 | Sewer    | Reached skill level 5 in Ranged Weapons
  1963 | Sewer    | 1963 ||| Stepping ~*~*~tactically~*~*~ (water).
  1965 | Sewer    | 1965 ||| Stepping ~*~*~tactically~*~*~ (water).
  1967 | Sewer    | 1967 ||| Stepping ~*~*~tactically~*~*~ (water).
  1969 | Sewer    | 1969 ||| Stepping ~*~*~tactically~*~*~ (water).
  1983 | Sewer    | 1983 ||| Stepping ~*~*~tactically~*~*~ (water).
  2036 | Sewer    | 2036 ||| Stepping ~*~*~tactically~*~*~ (water).
  2047 | Sewer    | HP: 4/32 [bullfrog (5)]
  2047 | Sewer    | HP: 1/32 [bullfrog (3)]
  2048 | Sewer    | Slain by a bullfrog

Levels and vault maps discovered:
D:1:      co_arrival_random_square_maze, layout_loops_ring
D:2:      layout_loops_cross, basic_altar, minmay_misc_feat_encased,
          minmay_tetromino_l4
D:3:      layout_basic, cheibrodos_sewer_entry_sluice,
          shapermc_ecumenical_altar_mp_ritualfount
Sewer:    sewer_minmay_w

Skill      XL: |  1  2  3  4  5 |
---------------+----------------+-----
Ranged Weapons | 3 4 5 |  5.0
Fighting       | 2 |  2.9
Dodging        | |  1.5
Spellcasting   | |  1.0
Hexes          | |  2.6

Action                     |  1- 3 |  4- 6 || total
---------------------------+-------+-------++-------
   Fire: Sling             |   112 |   177 ||   289
    Use: Scroll            |     4 |     3 ||     7
         Potion            |     3 |       ||     3
 Armour: Robe              |     4 |       ||     4
         Leather armour    |    17 |    39 ||    56
  Dodge: Dodged            |    34 |   117 ||   151

Table legend:
 A = Non-vault XP
 B = Vault XP
 C = Vault XP percentage of total XP
 D = Non-vault monster count
 E = Vault monster count
 F = Vault count percentage of total count
                 A         B        C        D         E       F
            +---------+---------+-------+---------+---------+-------
      Total |     107 |     146 |  57.7 |      56 |      43 |  43.4
            +---------+---------+-------+---------+---------+-------
        D:1 |      43 |       0 |   0.0 |      24 |       0 |   0.0
        D:2 |      59 |       4 |   6.3 |      29 |       2 |   6.5
        D:3 |       5 |       1 |  16.7 |       3 |       1 |  25.0
      Sewer |       0 |     141 | 100.0 |       0 |      40 | 100.0
            +---------+---------+-------+---------+---------+-------
